AoeStats
← Smiley

Arabia

507945821Analyzed
1v1 RM · 11d ago on Sep 20, 2026· 40m 34s· 2 players
Game mode
Random Map
Map size
Tiny (2 player)
Population
200
Speed
Normal
Resources
Standard
Victory
Conquest
Starting age
Dark Age
Ending age
Imperial Age
RankedLock teamsTeams togetherTeam positionsShared explorationLock speedFull tech treeHidden civsTurbo modeCheats
Victory
Defeat
🇷🇸 Armenians · Serbia
937
+16
946
-16
Smiley
1:44 Loom
11:05 Feudal Age
12:53 Man-at-Arms
14:46 Double-Bit Axe
16:59 Wheelbarrow
17:09 Long Swordsman
18:47 Gold Mining
22:21 Castle Age
20:15 Horse Collar
20:34 Arson
21:05 Scale Mail Armor
21:52 Forging
23:45 Squires
25:26 Fletching
27:35 Bodkin Arrow
30:27 Gold Shaft Mining
30:03 Bow Saw
30:17 Hand Cart
32:10 Town Watch
37:15 Imperial Age
35:53 Chain Mail Armor
35:25 Gambesons
35:10 Two-Handed Swordsman
36:38 Heavy Plow
37:45 Stone Mining
40:26 Champion
pisse.sur-GiveUpYouWillDie
10:25 Feudal Age
10:08 Loom
15:27 Castle Age
14:05 Fletching
23:05 Horse Collar
23:48 Double-Bit Axe
30:33 Padded Archer Armor
32:13 Wheelbarrow
35:41 Ballistics
35:50 Bodkin Arrow
36:30 Leather Archer Armor
38:58 Heavy Plow
Connection lost

Rejoining the realm…

Still unreachable

The connection could not be restored.

Session expired

The server has moved on; the page needs a fresh start.